Swagur, lawful female human Valkyrie }}}}}}}}}}}}}}}}}}}}}}}}}}}}}}}}}}}}}}}}}}}}}}}}}}}}}}}}}}}}}}}}}}}}}}}}}}} }}}}}}}}}}}}}}}}}}}}}}}}}}}}}}}}}}}}}}}}}}}}}}}}}}}}}}}}}}}}}}}}}}}}}}}}}}} }------}}}}}}}}}}}}}}}}}}}};}}}}}}}}}}}}}}}}}------- -------------- }|....|}}}}}}}}}..}.}}..}}}}}}}}}}}}}..}}}}}}| S }|..`.|.}}}}}}}}}}}.}...}}..}}}}}}}}}}}}}}}}}| w d }-....|.}}}}}}---};}}}}}}}}}}}}}}}}}}}}}}}}---@ | s }|....|.}}}}}}|...;}}}}}}}}.}}...}.}}}}.}}}...@!.- E g }|....|.}}}}}}|.H.%--}}}}}}}}}};}}}}}}}}}}}---- }|..+.|.}}}}}}}..%[.@;}}}...}}}}}}.}}}}}}}}}}}- H '' ; A }|..%.|.}}}}}}-....|};}}}}}------ }}}}}}}}}}}}}| H '' n }|....|.}}}}}}}};---}}}}}}}.... }}}}}}}}}--- O H SS @ }|....|.}}}}}}}}}} }}}}}}|...f| }}}}}-- y }|.^..|.}}}}}}..}}}}}}}}}}---..- }}}| }|...}|...}}}.}}}}}}...}}}} -M. .. H }|...}|...}}.}}}};}}}}}}}}}}| -- }|.d.}|`..}}}}}}}..}}}}}}---- }|....|}}}}}....}}}}..}}.| @ }------}}}}}}}}}}}}}}}}}}- } }}}}}}}}}}}}}}}}}}}} } }}}}}}}}}}}}}}}}}}}}}} Swagur the Woman-at-arms Experience level: 13 Strength: 18/01 Dexterity: 12 Constitution: 18 Intelligence: 10 Wisdom: 11 Charisma: 10 Health: 113(113) Energy: 38(38) Def: 13 Gold: 234 Moves: 23822 Dungeon seed: coxh1UlCnFfXwWXf Game ID: Swagur_1507624273 Your Inventory: Coins $ - 234 gold pieces Amulets E - an uncursed amulet of reflection (being worn) F - an uncursed amulet of unchanging Weapons a - the blessed rustproof +3 Excalibur (weapon in hand) b - a blessed rusty +0 dagger t - 8 cursed -2 elven arrows v - a +0 elven bow Armor e - an uncursed +3 small shield (being worn) r - an uncursed +0 dwarvish mithril-coat (being worn) y - an uncursed +0 cloak of displacement (being worn) Y - an uncursed +0 pair of high boots (being worn) Scrolls c - an uncursed scroll of fire w - an uncursed scroll of blank paper L - an uncursed scroll of blank paper Potions f - an uncursed potion of object detection g - an uncursed diluted potion of enlightenment i - an uncursed diluted potion of full healing j - an uncursed diluted potion of speed k - a blessed diluted potion of paralysis u - an uncursed diluted potion of healing H - an uncursed diluted potion of monster detection Q - 2 uncursed diluted potions of sleeping R - a blessed diluted potion of sleeping U - 2 uncursed diluted potions of extra healing W - a cursed potion of object detection Rings h - an uncursed rusty ring of cold resistance (on right hand) K - a cursed -1 ring of increase damage (on left hand) Wands d - a wand of make invisible (0:4) o - a rusty wand of digging (0:7) q - a rusty wand of speed monster (0:5) B - a wand of magic missile (0:7) C - a wand of enlightenment (0:13) D - a wand of magic missile (0:6) G - a wand of cold (0:7) I - a wand of magic missile (0:5) J - a rusty wand of create monster (0:14) M - a wand of cold (0:6) P - a wand of light (0:10) S - a wand of create monster (0:14) T - a wand of speed monster (0:7) Z - a wand of striking (0:7) Tools l - an uncursed rusty skeleton key m - 6 uncursed tallow candles (0:200) n - an uncursed bag of holding p - an uncursed brass lantern (0:584) x - an uncursed towel z - a magic marker (0:81) A - an uncursed magic whistle O - an uncursed magic whistle V - an uncursed skeleton key X - an uncursed rusty stethoscope Gems N - an uncursed luckstone Contents of the bag of holding: 10408 gold pieces 14 uncursed food rations 5 uncursed scrolls of blank paper an uncursed scroll of blank paper 2 uncursed scrolls of blank paper an uncursed scroll of blank paper an uncursed scroll of blank paper an uncursed scroll of blank paper an uncursed scroll of blank paper 3 uncursed scrolls of blank paper a cursed scroll of blank paper an uncursed scroll of destroy armor an uncursed scroll of stinking cloud 2 uncursed scrolls of taming an uncursed spellbook of blank paper an uncursed spellbook of blank paper an uncursed spellbook of light an uncursed diluted potion of see invisible an uncursed potion of blindness an uncursed potion of object detection 2 uncursed potions of water an uncursed ring of polymorph control a cursed -1 ring of protection an uncursed ring of protection from shape changers an uncursed ring of slow digestion an uncursed ring of teleport control an uncursed ring of warning a can of grease (0:13) a can of grease (0:13) an uncursed mirror a rusty +0 pick-axe an uncursed tin whistle Spells and supernatural/magical abilities: Name Level Category Fail Memory f - fireball 4 attack 100% 9% l - light 1 divination 100% 45% E - detect food 2 divination 100% 9% I - identify 3 divination 100% 99% W - pray for help -- divine ? -- Your skills at the end: Fighting Skills Weapon Skills dagger [Basic] long sword [Basic] Spellcasting Skills Final Attributes: You were piously aligned. You were fire resistant. You were cold resistant. You were poison resistant. You were level-drain resistant. You were telepathic. You had automatic searching. You were sensing the presence of monsters. You were invisible. You were displaced. You were stealthy. You were held by an electric eel. You had a -1 damage penalty. You were fast. You had reflection. You were lucky. You had extra luck. Bad luck did not time out for you. Good luck did not time out for you. You are dead. Vanquished creatures: 2 vampire lords a nurse 2 frost giants 2 vampires 6 ghosts 4 giant mimics 2 zruties 2 fire giants 2 rock trolls an umber hulk a flesh golem a large mimic 5 long worms 3 stalkers 2 air elementals a water elemental a hill giant 3 giant zombies 3 elf-lords a winter wolf 10 small mimics 2 glass piercers a xan 2 ogre lords 2 trolls a sasquatch an electric eel a large dog a freezing sphere a large cat 2 tigers 2 gargoyles a tengu a leocrotta an energy vortex a red naga a python a cobra 7 wraiths 2 carnivorous apes 2 ettin zombies a leather golem 8 Grey-elves a soldier 2 succubi 3 incubi 2 chameleons 3 crocodiles a giant beetle 4 quivering blobs 5 cockatrices 11 wolves a panther 2 gremlins 2 spotted jellies 27 leprechauns an orc-captain 2 iron piercers 2 mumakil 5 giant spiders a horse 2 ice vortices a black light a vampire bat a forest centaur 7 gnome kings an orc mummy 3 ogres 4 brown puddings 2 rust monsters 3 owlbears a yeti 4 gold golems 2 lizards 5 chickatrices 4 dogs a dingo 2 housecats 3 jaguars a dwarf lord a blue jelly 2 dust vortices 3 ravens a plains centaur a gnome mummy 4 snakes 6 apes 2 human zombies a rope golem 3 Woodland-elves 4 soldier ants 18 fire ants 11 bugbears 2 imps 2 quasits 2 wood nymphs a mountain nymph a Mordor orc 10 Uruk-hai 3 orc shamans 3 rock piercers a pony 3 fog clouds 8 yellow lights 2 shriekers a violet fungus 20 gnome lords 10 gnomish wizards a black naga hatchling 2 golden naga hatchlings 4 gray oozes a barrow wight 9 elf zombies 3 ghouls 2 straw golems 4 paper golems 4 giant ants 2 little dogs 2 floating eyes 4 kittens 7 dwarves 2 kobold lords 4 kobold shamans 9 hill orcs 13 rothes a rabid rat 4 centipedes 2 giant bats 2 monkeys 2 orc zombies 8 dwarf zombies a wererat a werejackal 5 iguanas 9 killer bees 3 acid blobs 4 coyotes 2 gas spores 3 hobbits 12 manes 3 large kobolds 12 hobgoblins 7 giant rats 8 cave spiders a brown mold 4 yellow molds a green mold 67 gnomes 6 garter snakes a gnome zombie 3 geckos 13 jackals 8 foxes a kobold 9 goblins 5 sewer rats 13 grid bugs 6 bats 11 lichens 6 kobold zombies 7 newts 670 creatures vanquished. Voluntary challenges: You had been an atheist until turn 5757. You used a wielded weapon 1087 times, starting on turn 2. You read items or engraved 331 times, starting on turn 2155. You never genocided any monsters. You never polymorphed an object. You changed form 1 time, starting on turn 13286. You used no wishes. You split 2 puddings, starting on turn 6352. You wrote Elbereth's name 277 times, starting on turn 2161. You violated your moral code, losing 61 points of alignment, starting on turn 5809. Dungeon overview: The Dungeons of Doom: levels 1 to 26 Level 1 a fountain, a sink a long staircase Level 2 a hardware shop stairs to The Gnomish Mines Level 3 Level 4 Level 5 many fountains Level 6 stairs to Sokoban Level 7 Level 8 a general store, some fountains Level 9 a fountain Level 10 a fountain Level 11 Level 12 a scroll shop, an altar to Odin portal to The Quest Level 13 Level 14 a temple to Tyr Level 15 Level 16 an altar to Odin, a fountain, a sink Level 17 Level 18 Level 19 a fountain Level 20 Level 21 a fountain Level 22 an altar to Loki, a fountain Level 23 Level 24 a fountain, a sink Level 25 Level 26 <- You were here The Gnomish Mines: levels 3 to 11 Level 3 stairs to The Dungeons of Doom Level 4 Level 5 many shops, a temple to Loki, some fountains Level 6 Level 7 Level 8 Level 9 Level 10 Level 11 The Quest: Level 1 a fountain portal to The Dungeons of Doom Sokoban: levels 2 to 5 Level 2 Level 3 Level 4 Level 5 stairs to The Dungeons of Doom History has recorded: On T:1 you entered the Dungeons of Doom to retrieve the Amulet of Yendor! On T:369 you reached level 2 of The Dungeons of Doom. On T:599 you advanced to experience level 2. On T:746 you advanced to experience level 3. On T:852 you reached level 3 of The Dungeons of Doom. On T:1183 you reached level 4 of The Dungeons of Doom. On T:1658 you reached level 5 of The Dungeons of Doom. On T:1786 you advanced to experience level 4. On T:2313 you reached level 6 of The Dungeons of Doom. On T:2436 you advanced to experience level 5. On T:2857 you reached level 1 of The Gnomish Mines. On T:3224 you reached level 2 of The Gnomish Mines. On T:3256 you advanced to experience level 6. On T:3583 you reached level 3 of The Gnomish Mines. On T:3917 you advanced to experience level 7. On T:3968 you reached level 4 of The Gnomish Mines. On T:4184 you reached level 5 of The Gnomish Mines. On T:4467 you reached level 6 of The Gnomish Mines. On T:4763 you reached level 7 of The Gnomish Mines. On T:4864 you advanced to experience level 8. On T:5030 you reached level 8 of The Gnomish Mines. On T:5294 you reached level 9 of The Gnomish Mines. On T:6283 you advanced to experience level 9. On T:7285 you reached level 7 of The Dungeons of Doom. On T:7466 you reached level 4 of Sokoban. On T:7731 you reached level 3 of Sokoban. On T:8462 you reached level 2 of Sokoban. On T:8914 you reached level 1 of Sokoban. On T:11816 you advanced to experience level 10. On T:12083 you reached level 8 of The Dungeons of Doom. On T:12488 you reached level 9 of The Dungeons of Doom. On T:13201 you reached level 10 of The Dungeons of Doom. On T:13889 you reached level 11 of The Dungeons of Doom. On T:14447 you reached level 12 of The Dungeons of Doom. On T:14689 you reached level 1 of The Quest. On T:15033 you reached level 13 of The Dungeons of Doom. On T:15674 you reached level 14 of The Dungeons of Doom. On T:15939 you reached level 15 of The Dungeons of Doom. On T:15974 you reached level 16 of The Dungeons of Doom. On T:16821 you advanced to experience level 11. On T:18340 you reached level 17 of The Dungeons of Doom. On T:19066 you reached level 18 of The Dungeons of Doom. On T:19435 you reached level 19 of The Dungeons of Doom. On T:19744 you reached level 20 of The Dungeons of Doom. On T:19928 you reached level 22 of The Dungeons of Doom. On T:20302 you reached level 21 of The Dungeons of Doom. On T:21240 you reached level 23 of The Dungeons of Doom. On T:21255 you reached level 24 of The Dungeons of Doom. On T:21340 you advanced to experience level 12. On T:22388 you reached level 25 of The Dungeons of Doom. On T:23555 you reached level 26 of The Dungeons of Doom. On T:23821 you advanced to experience level 13. Score breakdown: Gold: 10642 (13698 points) Experience: 13 levels (19298 points) Exploration: 26 levels ( 50.98%) (21213 points) Discoveries: 59 items ( 23.98%) (14691 points) Valuables value: (no points given unless you survive) Artifact value: 4000 (12253 points) Variety of kills: 161 monsters ( 42.26%) (19501 points) Turncount: 23822 turns (-3660 points) Survival: died (score multiplied by 80%) Total score: 77595 Latest messages: You have a little trouble removing u - a diluted effervescent potion. You have a little trouble removing H - 2 diluted pink potions. You have a little trouble removing s - a diluted potion of gain level. Your knapsack cannot accommodate any more items. The titan bumps right into you! You sense the presence of monsters. An electric eel was hidden under the water! The electric eel bites! The electric eel brushes against your leg. You feel more experienced. Welcome to experience level 13. The electric eel misses. The electric eel swings itself around you! You don't have that object. Never mind. You cannot escape from the electric eel! The electric eel bites! The electric eel drowns you... Final status: Farvel Swagur the Valkyrie, drowned in a moat by an electric eel... You drowned in The Dungeons of Doom on dungeon level 26 with 77595 points, and 10642 pieces of gold, after 23822 moves. You were level 13 with a maximum of 113 hit points when you drowned.